 Dungeon Sprint DCSS version 0.19.1 (webtiles) character file.

7 IcyTea the Covered (level 2, -8/15 HPs)
             Began as a Tengu Conjurer on Dec 9, 2016.
             Was an Initiate of Vehumet.
             Mangled by a jumping spider (10 damage)
             ... in the Dungeon (Sprint V: "Ziggurat Sprint").
             The game lasted 00:09:13 (181 turns).

IcyTea the Covered (Tengu Conjurer)                  Turns: 181, Time: 00:09:15

Health: -8/15      AC: 17    Str:  8    XL:     2   Next: 0%
Magic:  6/6        EV:  4    Int: 27    God:    Vehumet [......]
Gold:   0          SH:  0    Dex: 14    Spells: 1 memorised, 4 levels left

rFire  . . .     SeeInvis .     a - +9 sword of Zonguldrok {reap}
rCold  . . .     Gourm    .     W - +5 storm dragon scales
rNeg   . . .     Faith    .     (no shield)
rPois  .         Spirit   .     (helmet restricted)
rElec  +         Reflect  .     (no cloak)
rCorr  .         Harm     .     (no gloves)
MR     .....     NoTele   +     (boots unavailable)
Stlth  ..........               (no amulet)
                                F - +6 ring of intelligence
                                E - +6 ring of intelligence

@: no status effects
A: beak, talons 3
a: Renounce Religion


You were in the Dungeon.
You worshipped Vehumet.
Vehumet was noncommittal.
You were not hungry.

You visited 1 branch

Inventory:

Hand Weapons
 a - the +9 sword of Zonguldrok (weapon) {reap}
   (You found it in the Dungeon)

   If a monster killed with it leaves a corpse in good enough shape, the corpse
   will be animated as a zombie friendly to the killer.
 b - the +9 heavy crossbow "Sniper" {velocity, nevermiss, SInv}
   (You found it in the Dungeon)

   Any bolt fired from it inflicts extra damage.
   It lets you see invisible.
 P - a +5 triple crossbow
 Q - a +5 triple sword
 R - the +1 sword of Power
   (You found it in the Dungeon)
Missiles
 K - 1000 bolts
Armour
 O - +5 fire dragon scales
 T - +5 ice dragon scales
 W - +5 storm dragon scales (worn)
Jewellery
 C - a +6 ring of dexterity
 D - a +6 ring of dexterity
 E - a +6 ring of intelligence (left hand)
 F - a +6 ring of intelligence (right hand)
 G - a +6 ring of strength
 H - a +6 ring of strength
 I - an uncursed ring of flight
Wands
 y - a wand of disintegration (7/24)
 z - a wand of iceblast (5/15)
 A - a wand of lightning (5/15)
 B - a wand of acid (5/15)
Scrolls
 i - 4 scrolls of blinking
 p - 4 scrolls of amnesia
 q - 3 scrolls of recharging
 r - 7 scrolls of fog
 s - a scroll of holy word
 t - 5 scrolls of identify
 u - 5 scrolls of remove curse
 v - 2 scrolls of fear
Potions
 d - 10 potions of curing
 e - 10 potions of heal wounds
 f - 6 potions of haste
 g - 7 potions of magic
 h - 3 potions of berserk rage
 j - 2 potions of brilliance
 k - 2 potions of invisibility
 l - 4 potions of resistance
 n - 5 potions of agility
 o - 5 potions of might
Books
 J - a book of Conjurations

   Spells                             Type                      Level
   a - Magic Dart                     Conjuration                  1
   b - Searing Ray                    Conjuration                  2
   c - Dazzling Spray                 Conjuration/Hexes            3
   d - Fulminant Prism                Conjuration/Hexes            4
   e - Iskenderun's Mystic Blast      Conjuration                  4
   f - Iskenderun's Battlesphere      Conjuration/Charms           5
Miscellaneous
 M - a crystal ball of energy
Comestibles
 c - 5 bread rations
 w - 42 fruits
 x - 4 meat rations


   Skills:
 - Level 3.8 Long Blades
 - Level 3.7 Crossbows
 + Level 5.5 Armour
 - Level 2.1 Dodging
 - Level 2.0 Stealth
 - Level 2.0 Spellcasting
 - Level 5.3 Conjurations


You had 4 spell levels left.
You knew the following spells:

 Your Spells              Type           Power        Failure   Level  Hunger
a - Magic Dart            Conj           ####         95%         1    None


Dungeon Overview and Level Annotations

Branches:
Dungeon (1/1)

Altars:
Ashenzari
Cheibriados
Dithmenos
Elyvilon
Fedhas
Gozag
Hepliaklqana
Kikubaaqudgha
Makhleb
Nemelex Xobeh
Okawaru
Qazlal
Ru
Sif Muna
Trog
Uskayaw
Vehumet
Xom
Yredelemnul
Zin
The Shining One
Beogh
Jiyva
Lugonu


Innate Abilities, Weirdness & Mutations

You have a beak for a mouth.
You have claws for feet.


Message History

The jumping spider bites you. The jumping spider barely misses you.
The jumping spider bites you but does no damage.
Your storm dragon scales prevents you from hitting the jumping spider.
The jumping spider is moderately wounded.
The jumping spider pounces on you but does no damage.
The jumping spider bites you but does no damage.
The jumping spider pounces on you but does no damage.
The jumping spider bites you but does no damage.
The jumping spider completely misses you.
You riposte.
You miss the jumping spider. Your kick misses the jumping spider.
The jumping spider bites you. The jumping spider pounces on you.
The jumping spider completely misses you.
You completely miss the jumping spider. Your kick misses the jumping spider.
The jumping spider is moderately wounded.
The jumping spider pounces on you but does no damage.
The jumping spider bites you.
* * * LOW HITPOINT WARNING * * *
The jumping spider pounces on you!
Ouch! That really hurt!
You die...

▓▓▓▓▓▓▓
▓.8©8.▓
▓.....▓
▓.:.|.▓
▓.....▓
▓..s..▓
▓.s@..▓
▓▓▓▓▓▓▓


You could see 2 jumping spiders.

Vanquished Creatures (others)
  A spatial maelstrom (D)
1 creature vanquished.

Notes
Turn   | Place    | Note
-------+----------+-------------------------------------------
     0 | D        | IcyTea the Tengu Conjurer began the quest for the Orb.
     0 | D        | Reached XP level 1. HP: 10/10 MP: 4/4
     0 | D        | Found a deep blue altar of Sif Muna.
     0 | D        | Found a sacrificial altar of Ru.
     0 | D        | Found a bloodstained altar of Trog.
     0 | D        | Found a stormy altar of Qazlal.
     0 | D        | Found an iron altar of Okawaru.
     0 | D        | Found a sparkling altar of Nemelex Xobeh.
     0 | D        | Found a blossoming altar of Fedhas.
     2 | D        | Found an ancient bone altar of Kikubaaqudgha.
     2 | D        | Found a viscous altar of Jiyva.
     2 | D        | Found a corrupted altar of Lugonu.
     2 | D        | Found a hazy altar of Hepliaklqana.
     2 | D        | Found a burning altar of Makhleb.
     2 | D        | Found an opulent altar of Gozag.
     4 | D        | Banished a spatial maelstrom
    14 | D        | Became a worshipper of Vehumet
   171 | D        | Reached skill level 5 in Armour
   171 | D        | Reached XP level 2. HP: 15/15 MP: 6/6
   178 | D        | Entered arena 1.
   178 | D        | Noticed a jumping spider
   178 | D        | Noticed a jumping spider
   181 | D        | Mangled by a jumping spider

Skill      XL: |  1 |
---------------+----+-----
Long Blades    | 3 |  3.8
Crossbows      | 3 |  3.7
Armour         | 5 |  5.5
Dodging        | |  2.1
Stealth        | |  2.0
Spellcasting   | |  2.0
Conjurations   | |  5.3

Action                   || total
-------------------------++-------
Melee: Double sword      ||     3
  Use: Potion            ||     1
Armor: Storm dragon scal ||     9
Dodge: Dodged            ||     3
       Rpst.: Double sword ||     1
